Selects Luftwaffe Battlegroup
Selects Luftwaffe Pioneer Support
Fallschirmpioneer Squad Paradrop
Construct Infanterie Kompanie
Fallschirmpioneer Squad Paradrop
Construct Panzergrenadier Kompanie
Selects Stuka Strafing Run
Panzergrenadier Officer Quarters
Selects Fallschirmjäger Squad Paradrop
Fallschirmjäger Squad Paradrop
Pak 40 Anti-tank Gun Team
Construct Panzer Kompanie
Selects Fragmentation Bombs
Selects Flak 38 Anti-Air Emplacement
Fallschirmpioneer Squad Paradrop
Fallschirmjäger Squad Paradrop